 Dungeon Crawl Stone Soup version 0.30.0-19-g36f170ea60 (webtiles) character file.

Game seed: 4052937199186474259

23 Bamboolord the Gusty (level 2, -5/19 HPs)
             Began as a Demonspawn Air Elementalist on May 29, 2023.
             Slain by Terence
             ... wielding a +0 flail
              (7 damage)
             ... on level 2 of the Dungeon.
             The game lasted 00:02:00 (1432 turns).

Bamboolord the Gusty (Demonspawn Air Elementalist)  Turns: 1432, Time: 00:02:01

Health: -5/19      AC:  2    Str:  8    XL:     2   Next: 75%
Magic:  1/5        EV: 12    Int: 16    God:
Gold:   35         SH:  0    Dex: 13    Spells: 4/5 levels left

rFire   . . .        g - +0 dagger (venom)
rCold   . . .        (no shield)
rNeg    . . .        a - +0 robe
rPois   .            (helmet restricted)
rElec   .            (no cloak)
rCorr   .            (no gloves)
SInv    .            (no boots)
Will    .....        (no amulet)
Stlth   ++           (no ring)
HPRegen 0.23/turn    (no ring)
MPRegen 0.09/turn

%: no passive effects
@: no status effects
A: horns 1
a: no special abilities


You were on level 2 of the Dungeon.
You visited 1 branch of the dungeon, and saw 2 of its levels.

You collected 77 gold pieces.
You spent 42 gold pieces at shops.

Inventory:

Hand Weapons
 g - a +0 dagger of venom (weapon)
Armour
 a - a +0 robe (worn)
Scrolls
 d - a scroll of immolation {unknown}
 e - a scroll of identify {unknown}
 f - 2 scrolls of magic mapping
Potions
 c - a potion of berserk rage {unknown}
 h - a potion of curing


   Skills:
 * Level 1.9 Dodging
 + Level 1.8 Stealth
 * Level 2.4 Spellcasting
 * Level 1.3 Conjurations
 * Level 3.1 Air Magic


You had 4 spell levels left.
You knew the following spells:

 Your Spells              Type           Power      Damage    Failure   Level
a - Shock                 Conj/Air       36%        1d5       8%          1

Your spell library contained the following spells:

 Spells                   Type           Power      Damage    Failure   Level
 Static Discharge         Conj/Air       18%        2-3/arc   12%         2
 Swiftness                Air            12%        N/A       16%         3
 Airstrike                Air            6%         2d(1-17)  47%         4


Dungeon Overview and Level Annotations

Branches:
Dungeon (2/15)

Altars:

Shops:
D:2 !

Annotations:
D:2 Terence


Innate Abilities, Weirdness & Mutations

You have a pair of small horns on your head.


Message History

Magic courses through your body. Terence says, "Did you write a will?
You should..."
Terence closely misses you.
Aiming: Shock (safe; 8% risk of failure)
Press: ? - help, Q - select action Shift-Dir - straight line The zap hits Terence.
Terence is heavily wounded.
The zap hits Terence but does no damage.
Terence is heavily wounded.
Terence closely misses you.
Aiming: Shock (safe; 8% risk of failure)
Press: ? - help, Q - select action Shift-Dir - straight line The zap misses Terence.
The zap hits Terence.
Terence is heavily wounded.
Terence hits you with a +0 flail.
Unknown command.
Aiming: Shock (safe; 8% risk of failure)
Press: ? - help, Q - select action Shift-Dir - straight line The zap hits Terence but does no damage.
Terence is heavily wounded.
The zap misses Terence.
Terence asks, "Do you want it fast or slow?"
Terence hits you with a +0 flail.
Aiming: Shock (safe; 8% risk of failure)
Press: ? - help, Q - select action Shift-Dir - straight line The zap hits Terence.
Terence is severely wounded.
The zap hits Terence but does no damage.
Terence is severely wounded.
Terence hits you with a +0 flail!
Ouch! That really hurt!
* * * LOW HITPOINT WARNING * * *
Aiming: Shock (safe; 8% risk of failure)
Press: ? - help, Q - select action Shift-Dir - straight line The zap hits Terence.
Terence is severely wounded.
The zap misses Terence.
Terence closely misses you. Terence attacks as you move away!
Terence hits you with a +0 flail!
You die...

#.######
##.....∩####
.............#####
####.####.†......#
#
#......#@########
########@.....(..
#.########
######.##
.#.P+....#
#.PP....##
##PP....##
###+..#.#
###.#######
#.........


You could see Terence.

Vanquished Creatures
  2 dart slugs
  3 bats (D:1)
  3 endoplasms (D:1)
  A giant cockroach (D:1)
  A quokka (D:1)
  2 ball pythons (D:1)
  A frilled lizard (D:1)
  2 goblins (D:1)
  3 kobolds (D:1)
  2 rats (D:1)
20 creatures vanquished.

Notes
Turn   | Place    | Note
-------+----------+-------------------------------------------
     0 | D:1      | Bamboolord the Demonspawn Air Elementalist began the quest
                  | for the Orb.
     0 | D:1      | Reached XP level 1. HP: 13/13 MP: 3/3
   408 | D:1      | Reached skill level 3 in Air Magic
   408 | D:1      | Gained mutation: You have a pair of small horns on your
                  | head. [demonic ancestry]
   408 | D:1      | Reached XP level 2. HP: 19/19 MP: 1/5
  1344 | D:2      | Found Ruosibux's Distillery.
  1407 | D:2      | Bought a potion of curing for 42 gold pieces
  1407 | D:2      | Noticed Terence
  1432 | D:2      | Slain by Terence

Illustrated notes

Levels and vault maps discovered:
D:1:      dpeg_arrival_circle_labyrinth_b, layout_basic
D:2:      layout_loops_ring, serial_shops, shop, nicolae_shop_tiny_waterfront,
          shop, shop, shop_coins, serial_co_window_serial, co_window_paths_a,
          co_window_of_opportunity_a, co_window_paths_a, co_window_paths_a,
          co_window_of_opportunity_a, co_window_broadway_b, co_window_corner_b,
          co_window_unsneaky_path_b, co_window_4corner_b, glass_columns_b,
          glass_columns_b, glass_columns_c, glass_columns_c, uniq_terence,
          uniq_crazy_yiuf_cottage

Skill      XL: |  1 |
---------------+----+-----
Air Magic      | 3 |  3.1
Dodging        | |  1.9
Stealth        | |  1.8
Spellcasting   | |  2.4
Conjurations   | |  1.3

Action                     || total
---------------------------++-------
  Melee: Unarmed           ||     4
         Dagger            ||     1
   Cast: Shock             ||    51
    Use: Potion            ||     2
         Scroll            ||     1
 Armour: Robe              ||     3
  Dodge: Dodged            ||    12
